 Dungeon Crawl Stone Soup version 0.30-a0-219-gf2db51d15e (webtiles) character file.

Game seed: 14990443553718438497

22 NEMO173 the Firebug (level 2, 0/20 HPs)
             Began as a Draconian Fire Elementalist on Oct 6, 2022.
             Slain by a frilled lizard (2 damage)
             ... on level 2 of the Dungeon.
             The game lasted 00:09:25 (1228 turns).

NEMO173 the Firebug (Draconian Fire Elementalist)   Turns: 1228, Time: 00:09:26

Health: 0/20       AC:  5    Str: 10    XL:     2   Next: 68%
Magic:  5/5        EV:  9    Int: 15    God:
Gold:   77         SH:  0    Dex: 11    Spells: 4/5 levels left

rFire   . . .      SeeInvis .    b - +0 dagger
rCold   . . .      Faith    .    (no shield)
rNeg    . . .      Spirit   .    (body armour unavailable)
rPois   .          Reflect  .    (helmet restricted)
rElec   .          Harm     .    e - +0 cloak
rCorr   .          Rampage  .    (no gloves)
Will    .....                    (no boots)
Stlth   ++........               (no amulet)
HPRegen 0.23/turn                (no ring)
MPRegen 0.09/turn                (no ring)

@: constricted
A: AC +4, unfitting armour, cold-blooded
a: no special abilities


You were on level 2 of the Dungeon.
You visited 1 branch of the dungeon, and saw 2 of its levels.

You collected 77 gold pieces.

Inventory:

Hand Weapons
 b - a +0 dagger (weapon)
 f - a +0 club
Missiles
 d - 6 poisoned darts
Armour
 e - a +0 cloak (worn)
 g - a +0 helmet
Potions
 a - a potion of magic
 c - a potion of curing {unknown}
 h - a potion of attraction {unknown}


   Skills:
 + Level 2.0 Dodging
 + Level 2.1 Stealth
 + Level 2.2 Spellcasting
 + Level 1.4 Conjurations
 + Level 3.2 Fire Magic


You had 4 spell levels left.
You knew the following spells:

 Your Spells              Type           Power      Damage    Failure   Level
a - Foxfire               Conj/Fire      32%        2x1d5     9%          1

Your spell library contained the following spells:

 Spells                   Type           Power      Damage    Failure   Level
 Scorch                   Fire           22%        2d6       9%          2
 Freeze                   Ice            4%         1d3       22%         1
 Inner Flame              Hex/Fire       6%         N/A       32%         3
 Kindle Blastsparks       Fire/Tloc/Air  8%         2d10      38%         3
 Hailstorm                Conj/Ice       3%         3d3       43%         3
 Frozen Ramparts          Ice            2%         1d1       54%         3
 Flame Wave               Conj/Fire      8%         2d5       63%         4


Dungeon Overview and Level Annotations

Branches:
Dungeon (2/15)

Altars:


Innate Abilities, Weirdness & Mutations

Your plain brown scales are hard. (AC +4)
You cannot fit into any form of body armour.
You are cold-blooded and may be slowed by cold attacks.


Message History

The ball python closely misses you. The ball python misses you.
Found a pair of boots.
The ball python completely misses you. The ball python closely misses you.
You see here a scroll labelled DUOHAU BURHE.
Found 7 gold pieces.
The ball python attacks as you move away!
The ball python bites you but does no damage.
The ball python barely misses you.
A kobold comes into view. It is wielding a +0 whip.
The ball python bites you. The ball python grabs you.
The ball python constricts you.
You barely miss the ball python.
Your tail-slap misses the ball python.
The ball python bites you. The ball python constricts you.
You barely miss the ball python.
The ball python bites you but does no damage.
The ball python constricts you.
The kobold hits you with a +0 short sword.
You closely miss the ball python.
You tail-slap the ball python, but do no damage.
The ball python closely misses you. The ball python constricts you.
The kobold hits you with a +0 short sword.
* * * LOW HITPOINT WARNING * * *
You hit the ball python.
The ball python is heavily wounded.
The kobold shouts!
The ball python bites you but does no damage.
The ball python constricts you.
The frilled lizard bites you but does no damage.
The kobold barely misses you.
You hit the ball python but do no damage.
The ball python is heavily wounded.
The ball python barely misses you. The ball python constricts you.
* * * LOW HITPOINT WARNING * * *
The ball python bites you but does no damage.
The ball python constricts you.
* * * LOW HITPOINT WARNING * * *
The kobold hits you with a +0 short sword.
* * * LOW HITPOINT WARNING * * *
The frilled lizard bites you.
You die...

.........[......
................[.......
..............#....##...
..............##...##...
...........[..# #..##$..
..............# #..##l..
........K.....####.K....
..K.$..@S...?....#.(..##
.....##.l....###........
#.# ######.#######.#..
#....####....
####†........ ######...<
#.... ....... ........


You could see a ball python, 2 kobolds and a frilled lizard.

Vanquished Creatures
  2 dart slugs (D:1)
  A worm (D:2)
  A ball python (D:1)
  2 endoplasms (D:1)
  A giant cockroach (D:1)
  A goblin (D:1)
  2 hobgoblins (D:1)
  A quokka (D:1)
  A bat (D:1)
  2 frilled lizards (D:1)
  A rat (D:2)
15 creatures vanquished.

Vanquished Creatures (others)
  A plant (D:1)
1 creature vanquished.

Grand Total: 16 creatures vanquished

Notes
Turn   | Place    | Note
-------+----------+-------------------------------------------
     0 | D:1      | NEMO173 the Draconian Fire Elementalist began the quest for
                  | the Orb.
     0 | D:1      | Reached XP level 1. HP: 14/14 MP: 3/3
   594 | D:1      | Reached XP level 2. HP: 12/20 MP: 5/5
   724 | D:1      | Found a faded altar of an unknown god.
  1228 | D:2      | Slain by a frilled lizard

Illustrated notes

Levels and vault maps discovered:
D:1:      psy_arrival_wood_between_worlds, layout_loops_ring,
          shapermc_ecumenical_altar_pompeii, minmay_misc_feat_nine_boxes,
          minmay_misc_feat_square, hangedman_glass_teeth
D:2:      layout_rooms, basic_altar

Skill      XL: |  1  2 |
---------------+-------+-----
Stealth        | 2 |  2.1
Dodging        | 2 |  2.0
Spellcasting   | |  2.2
Conjurations   | |  1.4
Fire Magic     | |  3.2

Action                   || total
-------------------------++-------
Melee: Dagger            ||    90
       Tailslap          ||    14
       Punch             ||     2
 Stab: Sleeping          ||     2
Armor: Skin              ||    41
Dodge: Dodged            ||    77

Table legend: (Time is in decaauts)
 A = Elapsed time spent in this place.
 B = Non-inter-level travel time spent in this place.
 C = Inter-level travel time spent in this place.
 D = Time resting spent in this place.
 E = Time spent auto-exploring this place.
 F = Levels seen in this place.
 G = Mean time per level.
                   A        B        C        D        E       F      G
               +--------+--------+--------+--------+--------+-----+--------+
         Total |   1227 |   1215 |     12 |      0 |    197 |   2 |  613.5 |
       Dungeon |   1227 |   1215 |     12 |      0 |    197 |   2 |  613.5 |
               +--------+--------+--------+--------+--------+-----+--------+

Top non-repeatable levels by time:
     D:1: 1163 daAuts
     D:2: 63 daAuts
